 Dungeon Crawl Stone Soup version 0.24-a0-769-g368c1644f8 (webtiles) character file.

Game seed: 2404082612569987741, levelgen mode: deterministic

13383 GordonOverkill the Markscentaur (level 11, 0/97 HPs)
             Began as a Centaur Fire Elementalist on Oct 4, 2019.
             Was a High Priest of Okawaru.
             Slain by a hell rat (10 damage)
             ... on level 2 of the Lair of Beasts.
             The game lasted 00:45:27 (20334 turns).

GordonOverkill the Markscentaur (CeFE)             Turns: 20334, Time: 00:45:27

Health: 0/97       AC: 18    Str: 17    XL:     11   Next: 74%
Magic:  4/17       EV:  6    Int: 14    God:    Okawaru [*****.]
Gold:   198        SH:  0    Dex: 13    Spells: 10/18 levels left

rFire    . . .     SeeInvis .   a - +0 longbow
rCold    + . .     Gourm    .   (shield currently unavailable)
rNeg     . . .     Faith    .   I - +5 ring mail of the Ditch-Digger {rC+ Str+6}
rPois    .         Spirit   .   x - +2 hat
rElec    .         Reflect  .   K - +0 cloak
rCorr    .         Harm     .   r - +0 pair of gloves
MR       .....                  O - +0 centaur barding {Stlth+}
Stlth    ++........             D - amulet of the acrobat
HPRegen  0.26/turn              (no ring)
MPRegen  0.15/turn              J - ring of wizardry

@: very slightly contaminated, heavily drained, very quick
A: large, hooves 3, deformed body, speed 2, tough skin 3
a: Heroism, Finesse, Renounce Religion


You were on level 2 of the Lair of Beasts.
You worshipped Okawaru.
Okawaru was extremely pleased with you.
You were near starving.

You visited 2 branches of the dungeon, and saw 13 of its levels.
You also visited: Sewer.

You collected 691 gold pieces.
You spent 493 gold pieces at shops.

Inventory:

Hand Weapons
 a - a +0 longbow (weapon)
 b - a +2 war axe of flaming
 s - the +1 trident "Tazaj" {venom, rF+ rC++ Str+3 Stlth-}
   (You found it on level 9 of the Dungeon)

   It poisons the flesh of those it strikes.
   It affects your strength (+3).
   It protects you from fire.
   It greatly protects you from cold.
   It makes you less stealthy.
 w - a +0 hunting sling
Missiles
 i - 259 stones
 j - 123 arrows (quivered)
 q - a throwing net
 E - 22 sling bullets
 M - 8 boomerangs
Armour
 r - a +0 pair of gloves (worn)
 x - a +2 hat (worn)
 I - the +5 ring mail of the Ditch-Digger (worn) {rC+ Str+6}
   (You bought it in a shop on level 10 of the Dungeon)

   It affects your strength (+6).
   It protects you from cold.
 K - a +0 cloak (worn)
 O - a +0 centaur barding of stealth (worn)
Jewellery
 C - an uncursed ring of ice
 D - an amulet of the acrobat (around neck)
 J - a ring of wizardry (right hand)
Wands
 d - a wand of polymorph (11)
 p - a wand of acid (17)
 L - a wand of enslavement (6)
 S - a wand of paralysis (10)
Scrolls
 f - 2 scrolls of amnesia
 h - 3 scrolls of enchant weapon
 k - 3 scrolls of enchant armour
 l - 4 scrolls of teleportation
 o - 4 scrolls of fear
 t - 2 scrolls of blinking
 v - 5 scrolls of magic mapping
 y - 3 scrolls of remove curse
 A - 2 scrolls of immolation
 G - a scroll of identify
 Q - a scroll of summoning
Potions
 e - 4 potions of curing
 g - 2 potions of resistance
 m - 5 potions of flight
 n - 2 potions of agility
 u - 3 potions of heal wounds
 z - a potion of might
 B - 3 potions of cancellation
 F - 4 potions of haste
 H - 3 potions of brilliance
 N - 2 potions of lignification {unknown}
 P - a potion of mutation {unknown}
Comestibles
 c - 15 rations


   Skills:
 + Level 9.4(7.9) Fighting
 - Level 15.0(13.3) Bows
 - Level 2.0(0.8) Armour
 - Level 2.0(0.8) Dodging
 - Level 2.0(0.8) Stealth
 - Level 4.0(2.7) Spellcasting
 - Level 4.0(2.7) Conjurations
 - Level 4.0(2.7) Fire Magic
 + Level 2.7(1.5) Invocations
 - Level 6.0(4.6) Evocations


You had 10 spell levels left.
You knew the following spells:

 Your Spells              Type           Power        Failure   Level  Hunger
a - Flame Tongue          Conj/Fire      #....        5%          1    #......
b - Conjure Flame         Conj/Fire      #.......     16%         3    ###....
c - Sticky Flame          Conj/Fire      #.......     45%         4    #####..

Your spell library contained the following spells:

 Spells                   Type           Power        Failure   Level  Hunger
 Throw Flame              Conj/Fire      #.....       9%          2    ###....
 Animate Skeleton         Necr           N/A          16%         1    #......
 Apportation              Tloc           #.....       16%         1    #......
 Beastly Appendage        Tmut           #.....       16%         1    #......
 Confusing Touch          Hex            #.....       16%         1    #......
 Corona                   Hex            #......      16%         1    #......
 Summon Small Mammal      Summ           #...         16%         1    #......
 Call Imp                 Summ           #.......     24%         2    ###....
 Slow                     Hex            #.......     24%         2    ###....
 Sticks to Snakes         Tmut           #.......     24%         2    ###....
 Inner Flame              Hex/Fire       #.......     26%         3    ###....
 Call Canine Familiar     Summ           #.......     43%         3    ###....
 Portal Projectile        Hex/Tloc       #.....       43%         3    ###....
 Spider Form              Tmut/Pois      #.........   43%         3    ###....
 Summon Guardian Golem    Hex/Summ       #.......     43%         3    ###....
 Fireball                 Conj/Fire      #.........   78%         5    ######.
 Cause Fear               Hex            #.........   82%         4    #####..
 Ice Form                 Ice/Tmut       #.......     82%         4    #####..
 Leda's Liquefaction      Hex/Erth       #.........   82%         4    #####..
 Summon Ice Beast         Ice/Summ       #.......     82%         4    #####..
 Summon Lightning Spire   Summ/Air       #.......     82%         4    #####..
 Bolt of Magma            Conj/Fire/Erth #.........   88%         5    ######.
 Iskenderun's Battlesphe  Conj/Chrm      #.......     91%         5    ######.
 Venom Bolt               Conj/Pois      #.........   91%         5    ######.
 Blade Hands              Tmut           #.........   98%         5    ######.
 Iron Shot                Conj/Erth      #.........   100%        6    #######
 Orb of Destruction       Conj           #.........   100%        7    #######
 Spellforged Servitor     Conj/Summ      #.........   100%        7    #######


Dungeon Overview and Level Annotations

Branches:
Dungeon (11/15)            Temple (0/1) D:4            Lair (2/6) D:9
    Orc (0/2) D:10          Sewer (visited)
  Swamp: Lair:2-4    Shoals: Lair:2-4     Snake: Lair:2-4    Spider: Lair:2-4

Altars:
Dithmenos
Kikubaaqudgha
Makhleb
Nemelex Xobeh
Okawaru
Qazlal
Trog
Uskayaw
Vehumet
Zin

Shops:
D:8 *(:   D:10 *

Annotations:
D:7 2 transporters, robertkovacs's ghost, novice FoFi


Innate Abilities, Weirdness & Mutations

You have hooves in place of feet.
Armour fits poorly on your strangely shaped body.
You cover ground very quickly.
You have extremely tough skin. (AC +3)


Message History

The hell rat is severely wounded.
The hell rat bites you!
* * * LOW HITPOINT WARNING * * *
Firing (i - inventory. (/) - cycle)
j - 125 arrows (quivered)
Press: ? - help, Shift-Dir - straight line, f - hell rat
Aim: a hell rat (severely wounded)
You shoot an arrow.
The arrow hits the hell rat but does no damage.
The hell rat is severely wounded.
The hell rat bites you!
* * * LOW HITPOINT WARNING * * *
You feel drained.
* * * LOW HITPOINT WARNING * * *
Firing (i - inventory. (/) - cycle)
j - 124 arrows (quivered)
Press: ? - help, Shift-Dir - straight line, f/p - hell rat
Aim: a hell rat (severely wounded)
You shoot an arrow. The arrow hits the hell rat.
The hell rat is severely wounded.
The hell rat bites you!
You die...

#.............##.####..
#>............##.##
#.............#.#.##
#.............##.#.#
#.............###.##
############### ##.#
##r####รท####
#r#r#(.##..#
#@##H#.##.# #(###(#Y#.#
#. ##r...# .. #r#(r.#
.## #Y##..#.# ..
#r#.##.#.. .. ( #.
####.# .#. rr (# # .(
((


You could see a hell rat and a river rat.

Vanquished Creatures
  2 hydras (Lair:1)
  Pikel (D:6)
  2 cyclopes
  Joseph (D:7)
  3 spiny frogs (Lair:1)
  4 trolls (D:10)
  5 hippogriffs
  Sigmund (D:6)
  10 yaks
  3 water moccasins (Lair:1)
  3 porcupines (Lair:1)
  A phantom (D:10)
  4 slaves (D:6)
  An eye of draining (D:9)
  An orc warrior (D:5)
  2 ice beasts
  7 ogres
  12 wolves
  A centaur (D:11)
  A big kobold (D:9)
  4 crocodiles (Lair:1)
  5 bullfrogs
  A wyvern zombie (D:10)
  3 scorpions
  A water moccasin skeleton (D:5)
  13 killer bees
  A howler monkey (D:5)
  3 crimson imps
  5 orc priests
  A jelly (D:10)
  10 orc wizards
  5 centaur skeletons
  Crazy Yiuf (D:6)
  11 hounds
  2 bullfrog skeletons
  2 iguanas
  7 worker ants
  3 hell rats (Lair:2)
  A hound zombie (D:9)
  2 hound skeletons
  17 adders
  9 river rats
  6 shadow imps
  2 adder zombies
  2 adder skeletons
  4 worms
  2 dart slugs (D:2)
  6 leopard geckos
  42 orcs
  5 bats
  7 giant cockroaches
  4 goblins
  4 hobgoblins
  15 jackals
  10 kobolds
  5 quokkas
  4 ball pythons
  13 frilled lizards
  A leopard gecko zombie (D:7)
  2 quokka skeletons
  20 rats
326 creatures vanquished.

Vanquished Creatures (others)
  A fungus (Lair:1)
  6 plants (D:7)
7 creatures vanquished.

Grand Total: 333 creatures vanquished

Notes
Turn   | Place    | Note
-------+----------+-------------------------------------------
     0 | D:1      | GordonOverkill the Centaur Fire Elementalist began the
                  | quest for the Orb.
     0 | D:1      | Reached XP level 1. HP: 14/14 MP: 3/3
    65 | D:1      | Reached skill level 1 in Conjurations
   360 | D:1      | Reached XP level 2. HP: 20/20 MP: 4/4
  1404 | D:2      | Reached XP level 3. HP: 26/26 MP: 3/6
  1559 | D:2      | Found a faded altar of an unknown god.
  1663 | D:2      | Became a worshipper of Warmaster Okawaru
  1663 | D:2      | Reached * piety under Okawaru
  1755 | D:2      | Learned a level 3 spell: Conjure Flame
  2376 | D:2      | Reached XP level 4. HP: 26/33 MP: 0/7
  2925 | D:3      | Noticed an ogre
  2954 | D:3      | Killed an ogre
  2954 | D:3      | Reached XP level 5. HP: 38/38 MP: 1/9
  3380 | D:3      | Found a stormy altar of Qazlal.
  3586 | D:3      | Found a burning altar of Makhleb.
  4066 | D:4      | Reached XP level 6. HP: 43/45 MP: 4/10
  4441 | D:4      | Found a staircase to the Ecumenical Temple.
  4634 | D:4      | Reached ** piety under Okawaru
  5156 | D:4      | Found a bloodstained altar of Trog.
  5227 | D:5      | Entered Level 5 of the Dungeon
  5496 | D:5      | Reached XP level 7. HP: 50/50 MP: 9/12
  6319 | D:5      | Reached skill level 1 in Fighting
  6329 | D:5      | Reached skill level 1 in Armour
  6520 | D:5      | Found a sparkling altar of Nemelex Xobeh.
  7086 | D:6      | Found a glowing drain.
  7118 | Sewer    | Entered a sewer
  7907 | D:6      | Noticed Pikel
  7922 | D:6      | Killed Pikel
  7922 | D:6      | Reached *** piety under Okawaru
  7922 | D:6      | Reached skill level 5 in Fighting
  7922 | D:6      | Reached XP level 8. HP: 44/70 MP: 0/14
  8128 | D:6      | Found a runed translucent door.
  8129 | D:6      | Noticed Crazy Yiuf
  8514 | D:6      | Noticed Sigmund
  9188 | D:5      | Learned a level 4 spell: Sticky Flame
  9196 | D:6      | Killed Sigmund
  9566 | D:6      | Reached XP level 9. HP: 80/81 MP: 7/15
  9922 | D:6      | Killed Crazy Yiuf
 10237 | D:7      | Noticed Joseph
 10251 | D:7      | Killed Joseph
 10251 | D:7      | Reached **** piety under Okawaru
 10258 | D:7      | Found a transporter.
 10549 | D:7      | Found a glowing silver altar of Zin.
 10805 | D:7      | Identified the ring of Kileih {rF+ Dex+2}
 10813 | D:7      | Identified the +1 trident of Cheese {pain, rC- Dex+5}
 10813 | D:7      | Identified the +2 ring mail of Protective Custody {rC+}
 10997 | D:7      | Found a hide-covered altar of Uskayaw.
 11273 | D:7      | Reached skill level 5 in Evocations
 11443 | D:7      | Found a transporter.
 11446 | D:7      | Noticed robertkovacs's ghost (novice FoFi)
 11614 | D:7      | Found a radiant altar of Vehumet.
 11797 | D:8      | Found Jepur's Assorted Antiques.
 11801 | D:8      | Bought 2 lumpy cyan potions for 61 gold pieces
 11801 | D:8      | Bought a sedimented puce potion for 30 gold pieces
 11836 | D:8      | Found an ancient bone altar of Kikubaaqudgha.
 12321 | D:8      | Found Padaot's Book Boutique.
 12485 | D:8      | Found Veb Ypor's Antique Weapon Emporium.
 12492 | D:8      | Bought a longbow for 99 gold pieces
 12565 | D:8      | Reached skill level 1 in Bows
 12640 | D:8      | Received a gift from Okawaru
 12640 | D:8      | Reached skill level 2 in Bows
 13158 | D:9      | Reached skill level 3 in Bows
 13188 | D:9      | Reached XP level 10. HP: 71/91 MP: 1/16
 13566 | D:9      | Reached skill level 4 in Bows
 13851 | D:9      | Found a staircase to the Lair.
 14183 | D:9      | Reached skill level 5 in Bows
 14205 | D:9      | Reached skill level 6 in Bows
 14357 | D:9      | Found a shadowy altar of Dithmenos.
 14443 | D:9      | Got a pitted trident
 14444 | D:9      | Identified the +1 trident "Tazaj" {venom, rF+ rC++ Str+3
                  | Stlth-} (You found it on level 9 of the Dungeon)
 14485 | D:10     | Entered Level 10 of the Dungeon
 14621 | D:10     | Received a gift from Okawaru
 14621 | D:10     | Reached ***** piety under Okawaru
 14870 | D:10     | Reached skill level 7 in Bows
 15178 | D:10     | Received a gift from Okawaru
 15178 | D:10     | Reached skill level 8 in Bows
 15588 | D:10     | Found a staircase to the Orcish Mines.
 15609 | D:10     | Received a gift from Okawaru
 15694 | D:10     | Reached skill level 9 in Bows
 16032 | D:10     | Found Heugg's Assorted Antiques.
 16046 | D:10     | Bought a pink potion for 23 gold pieces
 16046 | D:10     | Bought a sedimented puce potion for 23 gold pieces
 16046 | D:10     | Bought a glowing white potion for 23 gold pieces
 16137 | D:10     | Reached skill level 10 in Bows
 16693 | D:10     | Bought a spiked ring mail for 234 gold pieces
 16703 | D:10     | Identified the +5 ring mail of the Ditch-Digger {rC+ Str+6}
                  | (You bought it in a shop on level 10 of the Dungeon)
 16715 | D:11     | Noticed a cyclops
 16728 | D:10     | Killed a cyclops
 16728 | D:10     | Reached skill level 11 in Bows
 17216 | D:11     | Noticed a cyclops
 17224 | D:11     | Killed a cyclops
 17618 | D:11     | Reached skill level 12 in Bows
 17618 | D:11     | Reached XP level 11. HP: 94/97 MP: 6/17
 18162 | Lair:1   | Entered Level 1 of the Lair of Beasts
 18306 | Lair:1   | Received a gift from Okawaru
 18309 | Lair:1   | Noticed a six-headed hydra
 18322 | Lair:1   | Killed a four-headed hydra
 18322 | Lair:1   | Reached skill level 13 in Bows
 18764 | D:9      | Reached skill level 14 in Bows
 19080 | Lair:1   | Noticed a six-headed hydra
 19088 | Lair:1   | Killed a six-headed hydra
 19088 | Lair:1   | Received a gift from Okawaru
 19693 | Lair:2   | Reached skill level 15 in Bows
 19706 | Lair:2   | Reached skill level 1 in Invocations
 20334 | Lair:2   | Slain by a hell rat

Levels and vault maps discovered:
D:1:      dpeg_arrival_boxorama, layout_basic, minmay_tetromino_i4
D:2:      layout_basic, chequers_ecumenical_altar_island, corexii_corridor_pit
D:3:      layout_loops_corners, lemuel_crystal_altar, lemuel_crystal_altar,
          first_ration
D:4:      layout_basic, lightli_temple_of_fire, lemuel_temple_firewalk_a
D:5:      layout_cave_pools, kennysheep_mini, serial_glass, glass_columns_a,
          glass_columns_a, glass_columns_a
D:6:      layout_loops_corners, portal_sewer_entry_d, uniq_pikel,
          uniq_crazy_yiuf_cottage, uniq_sigmund
D:7:      layout_rooms, zin_academy, eat_drink_and_be_merry_uskayaw,
          marbit_many_paths, gammafunk_ghost_gnarly_gnolls, uniq_joseph
D:8:      wander_river, layout_loops_corners, nicolae_overflow_crystal_walls,
          serial_shops, nicolae_shop_stone, shop, shop
D:9:      layout_loops_corners, grunt_dithmenos_shadows, dpeg_oklobed_lair
D:10:     layout_basic, orc_0_dummy, serial_shops, nicolae_shop_waterfront
D:11:     layout_loops_ring, special_room [special_room_orc], uniq_sonja
Lair:1:   layout_big_grid
Lair:2:   lemuel_ratsnest, layout_regular_city, chequers_serial_rivers_marsh,
          lemuel_fruit_tree

Skill      XL: |  1  2  3  4  5  6  7  8  9 10 11 |
---------------+----------------------------------+-----
Conjurations   | 1 2 4 |  4.0
Spellcasting   | 2 3 4 |  4.0
Fire Magic     | 3 4 |  4.0
Dodging        | 2 |  2.0
Stealth        | 2 |  2.0
Fighting       | 5 7 9 |  9.4
Armour         | 2 |  2.0
Evocations     | 5 6 |  6.0
Bows           | 3 12 15 | 15.0
Invocations    | 2 |  2.7

Action                   |  1- 3 |  4- 6 |  7- 9 | 10-12 || total
-------------------------+-------+-------+-------+-------++-------
Melee: Club              |     6 |       |       |       ||     6
       Kick              |     1 |       |     7 |     4 ||    12
       Unarmed           |     1 |       |       |       ||     1
       Short sword       |     4 |       |       |       ||     4
       War axe           |       |       |    34 |    15 ||    49
       Hunting sling     |       |       |       |     1 ||     1
 Fire: Hunting sling     |    42 |    68 |   364 |   188 ||   662
       Longbow           |       |       |       |   177 ||   177
Throw: Stone             |     8 |       |       |       ||     8
 Cast: Flame Tongue      |    71 |   107 |   356 |   119 ||   653
       Conjure Flame     |       |     3 |     5 |     5 ||    13
       Sticky Flame      |       |       |    12 |    51 ||    63
Invok: Heroism           |       |       |     1 |     9 ||    10
       Finesse           |       |       |       |     2 ||     2
  Use: Scroll            |       |     8 |     5 |     4 ||    17
       Potion            |       |       |     2 |    12 ||    14
  Eat: Chunk             |     4 |    10 |    19 |    22 ||    55
       Ration            |       |       |     1 |     3 ||     4
Armor: Robe              |    12 |    19 |   148 |    53 ||   232
       Ring mail         |       |       |       |   200 ||   200
Dodge: Dodged            |    33 |    31 |   204 |   247 ||   515

Table legend:
 A = Non-vault XP
 B = Vault XP
 C = Vault XP percentage of total XP
 D = Non-vault monster count
 E = Vault monster count
 F = Vault count percentage of total count
                 A         B        C        D         E       F
            +---------+---------+-------+---------+---------+-------
      Total |   17018 |    2101 |  11.0 |     268 |      54 |  16.8
            +---------+---------+-------+---------+---------+-------
        D:1 |      23 |       5 |  17.9 |      12 |       3 |  20.0
        D:2 |     162 |       0 |   0.0 |      26 |       0 |   0.0
        D:3 |     149 |       0 |   0.0 |      13 |       0 |   0.0
        D:4 |     256 |       0 |   0.0 |      24 |       0 |   0.0
        D:5 |     656 |       0 |   0.0 |      25 |       0 |   0.0
        D:6 |     638 |     925 |  59.2 |      26 |       4 |  13.3
        D:7 |    1295 |     460 |  26.2 |      25 |       1 |   3.8
        D:8 |     553 |       0 |   0.0 |      10 |       0 |   0.0
        D:9 |    1761 |      11 |   0.6 |      30 |       1 |   3.2
       D:10 |    3364 |       0 |   0.0 |      30 |       0 |   0.0
       D:11 |    1275 |       0 |   0.0 |      15 |       0 |   0.0
     Lair:1 |    4891 |       0 |   0.0 |      19 |       0 |   0.0
     Lair:2 |    1995 |     627 |  23.9 |      13 |      22 |  62.9
      Sewer |       0 |      73 | 100.0 |       0 |      23 | 100.0
            +---------+---------+-------+---------+---------+-------
